 Dungeon Crawl Stone Soup version 0.29.0-4-gdea44cf6ec (webtiles) character file.

Game seed: 16126225551293280733

2 greasedhog the Digger (level 1, 0/11 HPs)
             Began as a Gargoyle Earth Elementalist on Aug 28, 2022.
             Slain by a bat (1 damage)
             ... on level 1 of the Dungeon.
             The game lasted 00:00:35 (73 turns).

greasedhog the Digger (Gargoyle Earth Elementalist)   Turns: 73, Time: 00:00:36

Health: 0/11       AC:  4    Str: 11    XL:     1   Next: 40%
Magic:  2/3        EV: 11    Int: 15    God:
Gold:   0          SH:  0    Dex: 10    Spells: 3/4 levels left

rFire   . . .      SeeInvis .   d - +0 dagger
rCold   . . .      Faith    .   (no shield)
rNeg    + . .      Spirit   .   a - +0 robe
rPois   ∞          Reflect  .   (no helmet)
rElec   +          Harm     .   (no cloak)
rCorr   .          Rampage  .   (no gloves)
Will    .....                   (no boots)
Stlth   ++........              (no amulet)
HPRegen 0.03/turn               (no ring)
MPRegen 0.08/turn               (no ring)

@: no status effects
A: sickness immunity, AC +2, negative energy resistance 1, electricity
resistance, torment resistance 1, petrification resistance, inability to read
after injury 1
a: no special abilities


You were on level 1 of the Dungeon.
You visited 1 branch of the dungeon, and saw 1 of its levels.

Inventory:

Hand Weapons
 d - a +0 dagger (weapon)
Armour
 a - a +0 robe (worn)
Potions
 b - a potion of magic


   Skills:
 * Level 0.4 Fighting
 - Level 1.5 Dodging
 - Level 2.1 Stealth
 - Level 2.0 Spellcasting
 - Level 0.7 Transmutations
 * Level 3.7 Earth Magic


You had 3 spell levels left.
You knew the following spells:

 Your Spells              Type           Power      Damage    Failure   Level
a - Sandblast             Erth           24%        2d8       4%          1

Your spell library contained the following spells:

 Spells                   Type           Power      Damage    Failure   Level
 Passwall                 Tmut/Erth      6%         N/A       14%         2
 Stone Arrow              Conj/Erth      14%        3d7       30%         3
 Petrify                  Tmut/Erth      8%         N/A       65%         4


Dungeon Overview and Level Annotations

Branches:
Dungeon (1/15)

Altars:


Innate Abilities, Weirdness & Mutations

You are immune to sickness and miasma.
Your stone body is resilient. (AC +2)
You are immune to poison.
You resist negative energy. (rN+)
You are resistant to electric shocks. (rElec)
You are resistant to unholy torment.
You are immune to petrification.
You occasionally lose the ability to read scrolls when taking damage.


Message History

* * * LOW HITPOINT WARNING * * *
The quokka closely misses you.
Casting: Sandblast (safe; 4% risk of failure)
Confirm with . or Enter, or press ? or * to list all spells.
Aiming: Sandblast (safe; 4% risk of failure)
Press: ? - help, Shift-Dir - straight line, f/p - endoplasm
Aim: an endoplasm (severely wounded, 98% to hit)
The blast of sand hits the endoplasm.
You kill the endoplasm!
The quokka barely misses you. The quokka attacks as you move away!
The quokka bites you but does no damage.
The giant cockroach closely misses you. The giant cockroach barely misses you.
The quokka bites you but does no damage.
The quokka attacks as you move away! The quokka bites you.
* * * LOW HITPOINT WARNING * * *
The giant cockroach bites you but does no damage.
Unknown command.
The giant cockroach attacks as you move away!
The giant cockroach completely misses you.
The quokka attacks as you move away! The quokka closely misses you.
The quokka barely misses you. The quokka attacks as you move away!
The quokka closely misses you.
Found a pink potion.
The giant cockroach attacks as you move away!
The giant cockroach closely misses you.
It was a potion of mutation.
You feel extremely strange.
You occasionally lose the ability to read scrolls when taking damage.
The quokka bites you but does no damage.
The endoplasm jiggles.
You hit the quokka.
The quokka is almost dead.
The quokka bites you but does no damage.
The quokka closely misses you.
A bat comes into view.
The bat barely misses you.
You closely miss the bat. The bat misses you. The bat barely misses you.
The quokka barely misses you.
You closely miss the bat. The bat hits you.
You die...

#### ...r ...# #..######
.#......################
.#.##......rKJBr@b!.....
.....#.....#############
##...#.##..# ...##
..#......#........
..#.###..#.##...
......#......#.#
.##...#†##...#.#
.J.#......#....#
#..#.##...#.#.##


You could see an endoplasm, a quokka, a giant cockroach, a bat, a kobold and a
rat.

Vanquished Creatures
  An endoplasm (D:1)
  A hobgoblin (D:1)
2 creatures vanquished.

Notes
Turn   | Place    | Note
-------+----------+-------------------------------------------
     0 | D:1      | greasedhog the Gargoyle Earth Elementalist began the quest
                  | for the Orb.
     0 | D:1      | Reached XP level 1. HP: 10/10 MP: 3/3
    66 | D:1      | Gained mutation: You occasionally lose the ability to read
                  | scrolls when taking damage. [potion of mutation]
    73 | D:1      | Slain by a bat

Illustrated notes

Levels and vault maps discovered:
D:1:      wheals_arrival_shading, layout_basic,
          shapermc_ecumenical_altar_ellora, hangedman_decor_points,
          kennysheep_nondescript, interstate_on_off, minmay_tetromino_t2

Action                   || total
-------------------------++-------
Melee: Dagger            ||     7
 Cast: Sandblast         ||     5
  Use: Potion            ||     1
Armor: Robe              ||    10
Dodge: Dodged            ||    29
